Map: Ascension to Aiur LE

Players

Strange - Winner!

  • Race: Protoss Protoss
  • Spawn Location: 11:00

ShoWTimE

  • Race: Protoss Protoss
  • Spawn Location: 5:00

Event: WCS Valencia 2017

VOD

Have the link to the VOD?

Description

Time

  • Played on: July 13, 2017, 9:21 a.m.
  • Length: 9:35

All games in this series

Show
View Real Time Build Order
Export as new Build Order

Strange Protoss - Winner!

Build Orders: Oracle Opening 

Get SALT Encoding   

  12  0:00  Probe (Chrono Boost)  
  13  0:11  Probe (Chrono Boost)  
  14  0:17  Pylon  
  14  0:22  Probe (Chrono Boost)  
  15  0:35  Probe (Chrono Boost)  
  16  0:37  Gateway  
  16  0:42  Assimilator  
  16  0:45  Probe (Chrono Boost)  
  17  0:51  Assimilator  
  17  0:56  Probe (Chrono Boost)  
  18  1:07  Probe (Chrono Boost), Gateway  
  19  1:17  Probe (Chrono Boost)  
  20  1:24  Cybernetics Core  
  20  1:28  Probe (Chrono Boost)  
  21  1:33  Pylon  
  21  1:38  Probe (Chrono Boost)  
  22  1:49  Probe (Chrono Boost)  
  23  2:01  Mothership Core (Chrono Boost)  
  25  2:02  Stalker x2  
  29  2:09  Warp Gate (Chrono Boost)  
  29  2:12  Pylon  
  29  2:19  Probe  
  30  2:37  Stargate  
  30  2:43  Probe  
  31  2:55  Nexus  
  31  2:59  Probe  
  32  3:11  Probe  
  33  3:21  Oracle (Chrono Boost)  
  33  3:23  Pylon  
  33  3:24  Probe  
  37  3:36  Probe  
  38  3:48  Probe (Chrono Boost)  
  42  4:01  Probe (Chrono Boost)  
  40  4:06  Adept x2  
  40  4:08  Probe (Chrono Boost)  
  45  4:11  Probe (Chrono Boost)  
  45  4:16  Robotics Facility  
  46  4:18  Probe (Chrono Boost)  
  46  4:20  Twilight Council  
  46  4:22  Probe (Chrono Boost)  
  48  4:29  Probe (Chrono Boost)  
  49  4:32  Probe (Chrono Boost)  
  49  4:35  Forge  
  50  4:39  Probe (Chrono Boost)  
  50  4:43  Probe (Chrono Boost)  
  50  4:48  Sentry x2  
  50  4:49  Probe (Chrono Boost), Blink (Chrono Boost)  
  53  4:53  Probe (Chrono Boost)  
  53  4:59  Probe, Assimilator  
  54  5:00  Pylon  
  54  5:05  Probe  
  54  5:07  Protoss Ground Weapons Level 1 (Chrono Boost)  
  56  5:10  Probe  
  56  5:12  Nexus  
  57  5:17  Probe  
  57  5:19  Assimilator  
  58  5:22  Probe  
  58  5:28  Observer  
  60  5:29  Probe  
  60  5:34  Probe  
  60  5:35  Pylon  
  62  5:41  Probe  
  62  5:42  Gateway  
  63  5:44  Gateway  
  63  5:46  Probe  
  64  5:50  Sentry  
  64  5:53  Probe  
  64  5:56  Immortal (Chrono Boost)  
  71  5:58  Probe  
  72  6:05  Probe  
  72  6:10  Pylon, Probe  
  74  6:17  Sentry, Stalker  
  78  6:22  Pylon  
  78  6:23  Probe  
  78  6:24  Probe x2  
  81  6:33  Probe  
  81  6:34  Immortal (Chrono Boost)  
  81  6:36  Protoss Ground Weapons Level 2, Probe x2  
  88  6:44  Probe  
  88  6:45  Gateway  
  88  6:46  Gateway  
  89  6:51  Gateway  
  89  6:52  Gateway  
  89  6:54  Pylon  
  89  7:03  Assimilator  
  89  7:05  Pylon  
  93  7:08  Immortal (Chrono Boost)  
  93  7:09  Pylon  
  93  7:17  Stalker x2  
  93  7:18  Stalker x2  
  93  7:20  Probe, Assimilator  
  102  7:33  Gateway  
  102  7:36  Gateway  
  102  7:42  Warp Prism (Chrono Boost)  
  104  7:44  Colossus (Chrono Boost)  
  104  7:45  Colossus (Chrono Boost)  
  104  7:49  Pylon, Sentry  
  104  7:50  Stalker x5  
  116  7:58  Pylon  
  113  8:22  Stalker x5  
  113  8:23  Stalker x3  
  129  8:29  Pylon  
  127  8:44  Pylon  
  127  8:47  Adept x2  
  127  8:48  Adept x6  
  139  8:49  Adept x2  
  145  9:08  Stalker x2  
  145  9:09  Stalker x5  
  135  9:21  Stalker x3  
Show
View Real Time Build Order
Export as new Build Order

ShoWTimE Protoss 

Build Orders: Nexus First, Zealot Archon 

Get SALT Encoding   

  12  0:00  Probe (Chrono Boost)  
  13  0:11  Probe (Chrono Boost)  
  14  0:17  Pylon  
  14  0:22  Probe (Chrono Boost)  
  15  0:35  Probe (Chrono Boost)  
  16  0:46  Probe (Chrono Boost)  
  17  0:58  Nexus  
  17  1:08  Gateway  
  18  1:11  Probe (Chrono Boost)  
  18  1:16  Assimilator  
  18  1:22  Probe (Chrono Boost)  
  18  1:24  Assimilator  
  19  1:32  Probe (Chrono Boost)  
  20  1:37  Gateway  
  20  1:43  Probe (Chrono Boost)  
  21  1:53  Probe (Chrono Boost)  
  22  1:55  Cybernetics Core  
  22  2:04  Probe (Chrono Boost)  
  23  2:11  Probe (Chrono Boost)  
  23  2:14  Probe (Chrono Boost)  
  25  2:21  Probe (Chrono Boost)  
  26  2:25  Probe (Chrono Boost)  
  27  2:32  Stalker  
  27  2:33  Mothership Core (Chrono Boost)  
  27  2:36  Stalker  
  33  2:39  Warp Gate (Chrono Boost)  
  33  2:43  Probe (Chrono Boost)  
  33  2:51  Probe (Chrono Boost)  
  33  2:52  Pylon  
  33  2:54  Probe (Chrono Boost)  
  35  3:01  Stalker  
  35  3:03  Probe  
  38  3:10  Stalker  
  40  3:13  Probe  
  40  3:17  Probe  
  42  3:31  Probe x2  
  42  3:36  Pylon  
  42  3:42  Robotics Facility  
  42  3:43  Probe  
  42  3:44  Probe, Twilight Council  
  42  3:46  Pylon  
  43  3:50  Stalker  
  43  3:55  Probe  
  46  3:56  Probe  
  46  4:01  Stalker  
  49  4:07  Probe  
  49  4:08  Probe  
  51  4:12  Blink (Chrono Boost)  
  51  4:14  Pylon  
  51  4:19  Probe  
  51  4:21  Probe  
  53  4:25  Robotics Facility  
  53  4:31  Probe, Stalker  
  52  4:33  Probe  
  54  4:43  Probe  
  54  4:45  Probe  
  56  4:47  Stalker  
  58  4:54  Stalker, Assimilator  
  58  4:55  Probe  
  58  4:57  Probe  
  58  4:59  Assimilator  
  62  5:07  Probe  
  62  5:09  Probe  
  62  5:13  Observer (Chrono Boost), Pylon  
  65  5:14  Forge  
  65  5:20  Probe, Nexus  
  66  5:23  Probe  
  67  5:30  Pylon  
  67  5:32  Probe, Sentry  
  70  5:36  Observer (Chrono Boost)  
  70  5:39  Probe, Gateway  
  70  5:40  Sentry  
  74  5:44  Probe  
  74  5:47  Pylon  
  74  5:49  Protoss Ground Weapons Level 1 (Chrono Boost)  
  75  5:51  Probe  
  75  5:56  Probe  
  77  5:58  Charge  
  77  5:59  Immortal (Chrono Boost)  
  77  6:03  Probe  
  82  6:05  Gateway  
  82  6:08  Probe  
  83  6:15  Probe  
  83  6:16  Gateway  
  84  6:20  Probe  
  84  6:22  Gateway  
  85  6:27  Probe, Phoenix  
  85  6:28  Phoenix  
  85  6:29  Stalker x2  
  85  6:32  Probe x2  
  91  6:39  Probe  
  93  6:44  Probe  
  93  6:46  Probe, Immortal (Chrono Boost)  
  98  6:51  Pylon  
  98  6:52  Probe  
  99  6:57  Gateway  
  99  7:01  Templar Archives  
  99  7:03  Gateway  
  99  7:05  Pylon  
  99  7:08  Zealot x2  
  103  7:09  Probe x2  
  103  7:14  Templar Archives  
  105  7:16  Assimilator  
  105  7:17  Assimilator  
  105  7:20  Immortal (Chrono Boost)  
  105  7:28  Photon Cannon  
  109  7:30  Photon Cannon  
  109  7:42  High Templar  
  109  7:43  Zealot x3, High Templar  
  119  7:47  Archon  
  119  7:50  Stargate  
  119  7:52  Warp Prism  
  119  7:54  Pylon  
  119  7:57  Nexus  
  121  8:08  Zealot x2  
  121  8:12  Pylon  
  125  8:13  High Templar  
  125  8:14  High Templar  
  125  8:15  Pylon  
  127  8:20  Archon  
  127  8:22  Pylon  
  127  8:23  Zealot x2  
  127  8:25  Pylon, Immortal  
  131  8:30  Photon Cannon  
  129  8:42  High Templar  
  129  8:43  High Templar  
  129  8:44  Zealot x4  
  129  8:46  Zealot  
  129  8:48  Zealot, Archon  
  131  9:05  Zealot x4  
  131  9:11  Zealot x2  
  113  9:21  Zealot x2  
  91  9:31  Zealot x3  
  91  9:32  Zealot x3  
Tags
 
Add a new tag
Caveats
  • Supply blocks, unpowered buildings, or Contaminate may cause inaccurate times.
  • Supply counts are checked every 10 seconds.